 Dungeon Crawl Stone Soup version 0.30-a0-1163-gf69bf04e7a (webtiles) character file.

Game seed: 11023730995100135338

3423 elagabalus the Severer (level 10, 78/78 HPs)
             Began as a Hill Orc Berserker on Apr 28, 2023.
             Was a High Priest of Trog.
             Quit the game on level 7 of the Dungeon.
             The game lasted 00:34:31 (5179 turns).

elagabalus the Severer (Hill Orc Berserker)         Turns: 5179, Time: 00:34:31

Health: 78/78      AC:  9    Str: 25    XL:     10   Next: 5%
Magic:  10/10      EV: 12    Int:  7    God:    Trog [*****.]
Gold:   259        SH:  0    Dex: 16    Spells: 9/9 levels left

rFire   . . .        h - +8 battleaxe of Supply {protect, *Slow rN++ Dex+6}
rCold   . . .        (shield currently unavailable)
rNeg    + + .        a - +0 steam dragon scales
rPois   .            (no helmet)
rElec   .            w - +0 cloak
rCorr   .            j - +1 pair of gloves
SInv    .            d - +0 pair of boots
Will    .....        (no amulet)
Stlth   +            (no ring)
HPRegen 0.33/turn    (no ring)
MPRegen 0.12/turn

%: slow self (1%)
@: no status effects
A: no striking features
a: Renounce Religion, Berserk, Trog's Hand, Brothers in Arms


You were on level 7 of the Dungeon.
You worshipped Trog.
Trog was extremely pleased with you.
You visited 2 branches of the dungeon, and saw 8 of its levels.
You visited the Abyss 1 time.
You also visited: Sewer and Ossuary.

You collected 349 gold pieces.
You spent 90 gold pieces at shops.

Inventory:

Hand Weapons
 h - the +8 battleaxe of Supply (weapon) {protect, *Slow rN++ Dex+6}
   (You acquired it on level 6 of the Dungeon)

   Dex:       It affects your dexterity (+6).
   rN:        It greatly protects you from negative energy.
   *Slow:     It may slow you when you take damage.
 k - a +4 flail
 B - the +9 hand axe "Ogreslayer" {distort, Str+2}
   (You found it on level 5 of the Dungeon)

   Str:       It affects your strength (+2).
Armour
 a - +0 steam dragon scales (worn)
 d - a +0 pair of boots (worn)
 j - a +1 pair of gloves (worn)
 w - a +0 cloak (worn)
Wands
 l - a wand of acid (8)
 s - a wand of digging (6)
Scrolls
 f - 2 scrolls of poison
 g - 3 scrolls of amnesia
 m - 3 scrolls of vulnerability
 p - a scroll of teleportation
 v - 3 scrolls of immolation
Potions
 b - 3 potions of attraction
 c - 6 potions of curing
 e - a potion of magic
 i - 4 potions of haste
 n - a potion of might
 o - 2 potions of mutation
 q - 5 potions of heal wounds
 r - 2 potions of invisibility
 t - a potion of flight
 x - 2 potions of ambrosia
 z - a potion of lignification


   Skills:
 - Level 4.1 Fighting
 * Level 17.8 Axes
 - Level 2.1 Armour
 - Level 1.5 Dodging


You had 9 spell levels left.
You didn't know any spells.
Your spell library contained the following spells:

 Spells                   Type           Power      Damage    Failure   Level
 Sandblast                Erth           0%         2d4       43%         1
 Passwall                 Tmut/Erth      0%         N/A       56%         2
 Inner Flame              Hex/Fire       0%         N/A       80%         3
 Stone Arrow              Conj/Erth      0%         3d7       80%         3
 Yara's Violent Unravell  Hex/Tmut       0%         3d3       100%        5
 Enfeeble                 Hex            0%         N/A       100%        7


Dungeon Overview and Level Annotations

Branches:
Dungeon (7/15)             Temple (1/1) D:6           Sewer (visited)
Ossuary (visited)

Altars:
Dithmenos
Fedhas
Gozag
Qazlal
Ru
Vehumet
Wu Jian
Yredelemnul
Zin

Shops:
D:7 *


Message History

You kill the hound!
Trog accepts your kill.
An orc warrior, an orc and an orc priest come into view.
The orc warrior is wielding a +1 battleaxe of flaming.
The orc warrior shouts!
The orc warrior hits you with a +1 battleaxe of flaming!
The orc warrior burns you.
You completely miss the orc warrior.
The orc priest shouts, "Surrender to Beogh and we'll let you live!"
The orc priest shouts!
You slash the orc warrior!
Your weapon exudes an aura of protection.
The orc warrior is heavily wounded.
The orc warrior hits you but does no damage.
You slice the orc warrior!!
You kill the orc warrior!
Trog accepts your kill.
The orc priest miscasts a cantrip.
The orc hits you but does no damage.
Things that are here:
a +1 battleaxe of flaming; a +0 plate armour; an orc corpse The orc priest hits you but does no damage.
You slice the orc priest!!
You kill the orc priest!
Trog accepts your kill.
You slash the orc!
You kill the orc!
Trog accepts your kill.
You see here a +0 dagger.
Items here: )) [[ †.
Okay, then.
Found 7 stones.
HP restored.
Found a stone staircase leading down.
You open the door.
There is an open door here.
Found a stone staircase leading up.
Found a leather armour.
You see here a +0 leather armour.
Are you sure you want to abandon this character and quit the game? (Confirm with "yes".)

.# #..........# #.#
.###......>...# #.#
...'.......... #.#
.###.......... #.#
.........#### #.#
.######..########.########
....###........[..........
.##.#<#.#########.########
.#....#.#.......@....#
.#..#.#.#.########.#.#
.#..#.#.# .# # #######.#
## ........# #########


There were no monsters in sight!

Vanquished Creatures
  A boulder beetle (D:7)
  A wretched star (Abyss:1)
  A wraith (Ossuary)
  A steam dragon (D:6)
  Edmund (D:4)
  An ice beast (D:6)
  2 orc warriors
  3 phantoms
  2 bullfrogs
  4 scorpions
  A gnoll sergeant (D:6)
  6 howler monkeys
  4 hounds
  A gnoll bouda (D:5)
  2 orc priests
  A sleepcap (D:6)
  2 iguanas (D:5)
  3 orc wizards (D:4)
  A mummy (Ossuary)
  9 gnolls
  12 adders
  2 river rats (Sewer)
  3 white imps (D:6)
  An ufetubus (D:4)
  4 worms
  3 dart slugs
  16 orcs
  10 bats
  3 endoplasms
  6 giant cockroaches (D:3)
  15 goblins
  5 hobgoblins
  4 jackals (D:4)
  11 kobolds
  5 quokkas
  7 ball pythons
  10 frilled lizards
  7 gnoll skeletons (Ossuary)
  3 kobold skeletons (Ossuary)
  15 orc skeletons (Ossuary)
  14 rats
203 creatures vanquished.

Vanquished Creatures (others)
  3 plants (D:2)
3 creatures vanquished.

Grand Total: 206 creatures vanquished

Notes
Turn   | Place    | Note
-------+----------+-------------------------------------------
     0 | D:1      | elagabalus the Hill Orc Berserker began the quest for the
                  | Orb.
     0 | D:1      | Reached XP level 1. HP: 19/19 MP: 1/1
   140 | D:1      | Reached XP level 2. HP: 26/27 MP: 2/2
   604 | D:1      | Reached skill level 5 in Axes
   724 | D:2      | Reached XP level 3. HP: 33/33 MP: 3/3
   741 | D:2      | Found a faded altar of an unknown god.
   803 | D:3      | Found Zin's Purification Station.
   847 | D:3      | Found a glowing silver altar of Zin.
   925 | D:3      | Reached ** piety under Trog
   957 | D:3      | Found a blossoming altar of Fedhas.
   962 | D:3      | Found an opulent altar of Gozag.
   966 | D:3      | Noticed a scorpion
   978 | D:3      | Killed a scorpion
   979 | D:3      | Reached skill level 6 in Axes
   979 | D:3      | Reached XP level 4. HP: 10/40 MP: 4/4
  1019 | D:3      | Reached skill level 7 in Axes
  1022 | D:3      | Reached XP level 5. HP: 44/46 MP: 5/5
  1132 | D:3      | Found a glowing drain.
  1145 | Sewer    | Entered a sewer
  1457 | Sewer    | Reached skill level 8 in Axes
  1789 | D:3      | Bought a potion of curing for 90 gold pieces
  1866 | D:3      | Reached *** piety under Trog
  1931 | D:2      | Reached XP level 6. HP: 52/52 MP: 6/6
  2290 | D:2      | Found an ornate altar of the Wu Jian Council.
  2510 | D:4      | Reached skill level 9 in Axes
  2546 | D:4      | Found a sand-covered staircase.
  2551 | Ossuary  | Entered an ossuary
  2551 | Ossuary  | Noticed a wraith
  2551 | Ossuary  | Noticed a wraith
  2551 | Ossuary  | Noticed a wraith
  2679 | Ossuary  | Reached **** piety under Trog
  2704 | Ossuary  | Noticed a wraith
  2730 | Ossuary  | Killed a wraith
  2731 | Ossuary  | Reached skill level 10 in Axes
  2731 | Ossuary  | Reached XP level 7. HP: 49/59 MP: 7/7
  3227 | D:4      | Noticed Edmund
  3233 | D:4      | Killed Edmund
  3234 | D:4      | Reached skill level 11 in Axes
  3664 | D:5      | Entered Level 5 of the Dungeon
  3727 | D:5      | Reached skill level 12 in Axes
  3727 | D:5      | Reached XP level 8. HP: 61/66 MP: 8/8
  3752 | D:5      | Identified the +9 hand axe "Ogreslayer" {distort, Str+2}
  3821 | D:6      | Reached ***** piety under Trog
  3839 | D:6      | Reached skill level 13 in Axes
  3845 | D:6      | Identified a scroll of acquirement
  3845 | D:6      | Acquired the +8 battleaxe of Supply {protect, *Slow rN++
                  | Dex+6}
  3850 | Abyss:1  | Cast into level 1 of the Abyss (unwielding a weapon of
                  | distortion)
  3861 | Abyss:1  | Noticed a wretched star
  3886 | Abyss:1  | Killed a wretched star
  3887 | Abyss:1  | Reached skill level 14 in Axes
  3887 | Abyss:1  | Reached XP level 9. HP: 64/71 MP: 9/9
  3891 | D:6      | Escaped the Abyss
  4051 | D:5      | Reached skill level 15 in Axes
  4510 | D:6      | Reached skill level 16 in Axes
  4651 | D:6      | Found a staircase to the Ecumenical Temple.
  4671 | Temple   | Entered the Ecumenical Temple
  4715 | D:6      | Found a shadowy altar of Dithmenos.
  4862 | D:7      | Noticed a boulder beetle
  4880 | D:7      | Killed a boulder beetle
  4881 | D:7      | Reached skill level 17 in Axes
  4994 | D:7      | Found Zuasmi Yzom's General Store.
  5027 | D:7      | Found a stormy altar of Qazlal.
  5034 | D:7      | Found a radiant altar of Vehumet.
  5046 | D:7      | Reached XP level 10. HP: 78/78 MP: 10/10
  5179 | D:7      | Quit the game

Illustrated notes

Levels and vault maps discovered:
D:1:      dpeg_arrival_boxes_within_box, layout_basic
D:2:      layout_rooms, basic_altar, ebering_ecumenical_altar_webs, st_stairs_8,
          lexackson_kobold_supper
D:3:      layout_basic, zin_purify, mainiacjoe_overflow_catwalk_spiral,
          gup_sewer_entry_pipe
D:4:      layout_basic, enter_ossuary_5, uniq_edmund
D:5:      layout_loops_cross, serial_bayou_pond_e
D:6:      layout_cave_pools, grunt_dithmenos_smoke_and_mirrors,
          minmay_temple_entry_steel_oval
D:7:      minmay_the_grid_octo_2x2 [minmay_the_grid_octo_empty,
          minmay_the_grid_octo_checkerflower, minmay_the_grid_octo_77,
          minmay_the_grid_octo_prize_ultimate_mussel_roller], layout_basic,
          minmay_overflow_temple_star_quad, fiery_altar_vehumet,
          mainiacjoe_overflow_six_doors_small, serial_shops,
          nicolae_shop_rolling_square
Temple:   nicolae_temple_bog_church

Skill      XL: |  1  2  3  4  5  6  7  8  9 |
---------------+----------------------------+-----
Fighting       | 4 |  4.1
Axes           | 5 6 7 8 10 12 14 17 | 17.8
Armour         | |  2.1
Dodging        | |  1.5

Action                     |  1- 3 |  4- 6 |  7- 9 | 10-12 || total
---------------------------+-------+-------+-------+-------++-------
  Melee: Hand axe          |   130 |   235 |    35 |       ||   400
         Punch             |       |     2 |     3 |       ||     5
         War axe           |       |       |    60 |       ||    60
         Battleaxe         |       |       |    91 |     5 ||    96
    Use: Scroll            |     9 |     5 |    10 |       ||    24
         Potion            |       |     2 |     2 |       ||     4
   Stab: Sleeping          |       |       |     2 |       ||     2
         Distracted        |       |       |     1 |       ||     1
 Armour: Scale mail        |    59 |    40 |       |       ||    99
         Animal skin       |     1 |       |       |       ||     1
         Plate armour      |       |    99 |    57 |       ||   156
         Steam dragon scal |       |       |    30 |     4 ||    34
  Dodge: Dodged            |    65 |    90 |    67 |     1 ||   223

Table legend: (Time is in decaauts)
 A = Elapsed time spent in this place.
 B = Non-inter-level travel time spent in this place.
 C = Inter-level travel time spent in this place.
 D = Time resting spent in this place.
 E = Time spent auto-exploring this place.
 F = Levels seen in this place.
 G = Mean time per level.
                   A        B        C        D        E       F      G
               +--------+--------+--------+--------+--------+-----+--------+
         Total |   5211 |   1887 |   3324 |      0 |      0 |  11 |  473.7 |
       Dungeon |   4526 |   1202 |   3324 |      0 |      0 |   7 |  646.6 |
        Temple |      1 |      1 |      0 |      0 |      0 |   1 |    1.0 |
         Abyss |     40 |     40 |      0 |      0 |      0 |   1 |   40.0 |
         Sewer |    432 |    432 |      0 |      0 |      0 |   1 |  432.0 |
       Ossuary |    209 |    209 |      0 |      0 |      0 |   1 |  209.0 |
               +--------+--------+--------+--------+--------+-----+--------+

Top non-repeatable levels by time:
     D:4: 1052 daAuts
     D:3: 744 daAuts
     D:1: 718 daAuts
     D:5: 592 daAuts
     D:2: 553 daAuts
     D:6: 520 daAuts
   Sewer: 432 daAuts
     D:7: 344 daAuts
 Ossuary: 209 daAuts
 Abyss:1: 40 daAuts
  Temple: 1 daAuts
